 Dungeon Crawl Stone Soup version 0.27-a0-156-gbcd94eb011 (webtiles) character file.

Game seed: 2321824083863295318

32 melchizedek the Shield-Bearer (level 3, 0/23 HPs)
             Began as a Gargoyle Fighter on Jan 27, 2021.
             Killed by nerve-wracking pain
             ... invoked by Grinder
              (7 damage)
             ... on level 4 of the Dungeon.
             The game lasted 00:00:47 (780 turns).

melchizedek the Shield-Bearer (Gargoyle Fighter)     Turns: 780, Time: 00:00:48

Health: 0/23       AC: 10    Str: 20    XL:     3   Next: 25%
Magic:  3/3        EV:  7    Int:  8    God:
Gold:   52         SH:  9    Dex:  9    Spells: 2/2 levels left

rFire    . . .     SeeInvis .   a - +0 trident
rCold    . . .     Faith    .   c - +0 kite shield
rNeg     + . .     Spirit   .   b - +0 scale mail
rPois    ∞         Reflect  .   (no helmet)
rElec    +         Harm     .   (no cloak)
rCorr    .         Rampage  .   (no gloves)
Will     .....                  (no boots)
Stlth    ..........             (no amulet)
HPRegen  0.07/turn              (no ring)
MPRegen  0.08/turn              (no ring)

@: mighty
A: negative energy resistance 1, electricity resistance, unbreathing,
petrification resistance, miasma immunity, AC +3
a: no special abilities


You were on level 4 of the Dungeon.
You visited 1 branch of the dungeon, and saw 3 of its levels.

You collected 52 gold pieces.

Inventory:

Hand Weapons
 a - a +0 trident (weapon)
Armour
 b - a +0 scale mail (worn)
 c - a +0 kite shield (worn)
Jewellery
 e - an uncursed ring of willpower {unknown}
Scrolls
 f - a scroll of remove curse {unknown}
 h - a scroll of identify {unknown}
Potions
 g - a potion of lignification {unknown}
 i - a potion of degeneration {unknown}
 j - a potion of ambrosia {unknown}


   Skills:
 + Level 3.4 Fighting
 + Level 2.1 Polearms
 + Level 3.7 Armour
 + Level 3.9 Shields


You had 2 spell levels left.
You didn't know any spells.
Your spell library was empty.

Dungeon Overview and Level Annotations

Branches:
Dungeon (2/15)

Altars:

Shops:
D:4 !

Annotations:
D:4 Grinder


Innate Abilities, Weirdness & Mutations

You are resistant to torment.
Your stone body is resilient. (AC +3)
You are immune to poison.
You resist negative energy. (rN+)
You are resistant to electric shocks. (rElec)
You can survive without breathing.
You are immune to petrification.
You are immune to miasma.


Message History

The white imp gestures at you. The puff of frost hits you.
You are too injured to fight recklessly!
You feel very mighty all of a sudden.
Grinder grins, showing sharp teeth.
Grinder gestures at you. Pain shoots through your body!
You puncture the white imp!
You kill the white imp!
You barely miss Grinder. You block Grinder's attack. Grinder hits you.
You closely miss Grinder. Grinder gestures at you.
You suddenly lose the ability to move!
Grinder hits you but does no damage.
You can move again.
You closely miss Grinder. You block Grinder's attack.
You closely miss Grinder. Grinder barely misses you. Grinder gestures at you.
Pain shoots through your body!
You die...

#. .. #.
.## ...
#.# #.#
#@#
##5####...
#.Z.......
#..#######
#..# #..#
#..# ...#
.#...


You could see Grinder and a jackal skeleton.

Vanquished Creatures
  A white imp (D:4)
  2 dart slugs (D:1)
  A bat (D:1)
  A giant cockroach (D:1)
  5 goblins (D:1)
  3 hobgoblins (D:1)
  3 kobolds (D:1)
  3 rats (D:1)
19 creatures vanquished.

Notes
Turn   | Place    | Note
-------+----------+-------------------------------------------
     0 | D:1      | melchizedek the Gargoyle Fighter began the quest for the
                  | Orb.
     0 | D:1      | Reached XP level 1. HP: 14/14 MP: 1/1
   285 | D:1      | Reached XP level 2. HP: 19/19 MP: 2/2
   547 | D:1      | Reached XP level 3. HP: 23/23 MP: 3/3
   764 | D:2      | You fall into a shaft and drop 2 floors!
   765 | D:4      | Found Caorch's Distillery.
   765 | D:4      | Noticed Grinder
   777 | D:4      | Paralysed by Grinder for 2 turns
   780 | D:4      | Killed from afar by Grinder

Illustrated notes

Levels and vault maps discovered:
D:1:      lemuel_arrival_broad_hall, layout_basic
D:2:      layout_rooms
D:4:      layout_loops_ring, serial_shops, nicolae_shop_crystal,
          nicolae_shop_trees, fedhas_altar_4, uniq_menkaure, uniq_grinder,
          uniq_edmund

Skill      XL: |  1  2 |
---------------+-------+-----
Polearms       | 2 |  2.1
Fighting       | |  3.4
Armour         | |  3.7
Shields        | |  3.9

Action                   || total
-------------------------++-------
Melee: Trident           ||    66
  Use: Potion            ||     1
Armor: Scale mail        ||    38
Dodge: Dodged            ||    23
Block: Kite shield       ||    27

Table legend: (Time is in decaauts)
 A = Elapsed time spent in this place.
 B = Non-inter-level travel time spent in this place.
 C = Inter-level travel time spent in this place.
 D = Time resting spent in this place.
 E = Time spent auto-exploring this place.
 F = Levels seen in this place.
 G = Mean time per level.
                   A        B        C        D        E       F      G
               +--------+--------+--------+--------+--------+-----+--------+
         Total |    807 |    800 |      7 |      0 |    663 |   3 |  269.0 |
       Dungeon |    807 |    800 |      7 |      0 |    663 |   3 |  269.0 |
               +--------+--------+--------+--------+--------+-----+--------+

Top non-repeatable levels by time:
     D:1: 785 daAuts
     D:4: 18 daAuts
     D:2: 3 daAuts
